[Event "Early-Titled-Tuesday-Blitz-February-13-2024"]
[Site "Chess.com"]
[Date "2024.02.13"]
[Round "7"]
[White "bubeliang"]
[Black "Grossboss19"]
[Result "0-1"]
[WhiteElo "2820"]
[BlackElo "2620"]
[TimeControl "180+1"]
[EndTime "9:17:35 PST"]
[Termination "Grossboss19 won by resignation"]

1. b3 c5 2. Bb2 Nc6 3. f4 d5 4. e3 f6 5. Nf3 e6 6. Bd3 Bd6 7. O-O Nge7 8. Qe1 O-O 9. Qh4 Nf5 10.
Qh3 h6 11. g4 Nfe7 12. g5 e5 13. Qg2 fxg5 14. fxg5 h5 15. Be2 Ng6 16. Nc3 e4 17. Ne1 Rxf1+ 18. Kxf1 Nh4 19. Qf2 Qxg5 20. Nxd5 Bh3+ 21.
Ng2 Nxg2 0-1

[Event "Early-Titled-Tuesday-Blitz-February-13-2024"]
[Site "Chess.com"]
[Date "2024.02.13"]
[Round "7"]
[White "TregubovP"]
[Black "DonkyDonkyDonkey"]
[Result "0-1"]
[WhiteElo "2687"]
[BlackElo "2935"]
[TimeControl "180+1"]
[EndTime "9:17:46 PST"]
[Termination "DonkyDonkyDonkey won by resignation"]

1. e4 c5 2. Nf3 d6 3. d4 cxd4 4. Qxd4 Nc6 5. Qd3 g6 6. Nc3 Bg7 7. Be2 Nf6 8. O-O O-O 9. Nd5 Bg4 10. c3 Rc8 11. h3 Bd7 12. Bg5 Nxd5 13. exd5 Ne5 14. Nxe5 Bxe5 15. Rfe1 Re8 16. Qe3 Qa5 17. Bf3 b5 18. a3 Qa4 19. Be2 f6 20. Bh6 Qh4 21.
Qxa7 Bxh3 22. Qe3 Bxg2 23. Kxg2 Qh2+ 24. Kf3 Qh3+ 0-1

[Event "Early-Titled-Tuesday-Blitz-February-13-2024"]
[Site "Chess.com"]
[Date "2024.02.13"]
[Round "7"]
[White "kpio91"]
[Black "betta2004"]
[Result "1-0"]
[WhiteElo "2897"]
[BlackElo "2631"]
[TimeControl "180+1"]
[EndTime "9:17:59 PST"]
[Termination "kpio91 won by checkmate"]

1. e4 c5 2. Nf3 Nc6 3. Bb5 g6 4. O-O Bg7 5. Re1 Nf6 6. c3 O-O 7. d4 d5 8. e5 Ne4 9. Be3 Qb6 10.
Bxc6 bxc6 11. Qc1 c4 12. Nbd2 Bf5 13. Nxe4 Bxe4 14. Nd2 Bd3 15. b3 Rab8 16. h4 f6 17.
Bf4 fxe5 18. Bxe5 Bxe5 19. Rxe5 c5 20. Nf3 cxd4 21. Nxd4 Qf6 22. Qe3 Be4 23. Re6 Qxh4 24. f3 cxb3 25. axb3 Bf5 26. Rxe7 a5 27. Rxa5 Ra8 28.
Qe5 Qh6 29. Rxa8 Rxa8 30. Qxd5+ Kf8 31. Qf7# 1-0

[Event "Early-Titled-Tuesday-Blitz-February-13-2024"]
[Site "Chess.com"]
[Date "2024.02.13"]
[Round "7"]
[White "bilosuvenosu06"]
[Black "jakopogi"]
[Result "0-1"]
[WhiteElo "2540"]
[BlackElo "2742"]
[TimeControl "180+1"]
[EndTime "9:18:05 PST"]
[Termination "jakopogi won by resignation"]

1. d4 Nf6 2. c4 e6 3. Nc3 Bb4 4. e3 c5 5. Ne2 b6 6. a3 Bxc3+ 7.
Nxc3 Bb7 8. d5 d6 9. Be2 O-O 10. O-O exd5 11. Bf3 Re8 12. Nxd5 Nxd5 13. Bxd5 Bxd5 14.
Qxd5 Na6 15. Bd2 Nc7 16. Qd3 d5 17. Bc3 dxc4 18. Qxc4 Qd5 19. Qg4 Ne6 20. Rad1 Qc6 21. Rd2 Rad8 22. Rfd1 Rxd2 23. Rxd2 h6 24. Qg3 Qe4 25.
h3 Qb7 26. Kh2 Qe7 27. Rd5 Rd8 28. Qe5 Rxd5 29. Qxd5 Qd8 30. Qe5 Qc7 31. f4 Qxe5 32. Bxe5 Nd8 33. Bb8 Nc6 34. Bd6 f5 35. g4 g6 36.
gxf5 gxf5 37. Kg3 Kf7 38. Kf3 Ke6 39. Bf8 h5 40. Bg7 Kd5 41. Bc3 b5 42. b3 a5 43. Kg3 b4 44. axb4 axb4 45. Bg7 Na5 46. Kh4 Nxb3 47. Kxh5 c4 48. Kg5 c3 49. h4 Nc5 50.
Kg6 c2 51. Bb2 Nd3 52. Bc1 Nxc1 53. h5 Nd3 54. h6 c1=Q 55. h7 Qh1 0-1

[Event "Early-Titled-Tuesday-Blitz-February-13-2024"]
[Site "Chess.com"]
[Date "2024.02.13"]
[Round "7"]
[White "sansanathalia"]
[Black "Felix-Rose"]
[Result "1-0"]
[WhiteElo "2381"]
[BlackElo "2219"]
[TimeControl "180+1"]
[EndTime "9:18:05 PST"]
[Termination "sansanathalia won by resignation"]

1. e4 e5 2. Nf3 Nc6 3. d4 exd4 4. Nxd4 Nf6 5. Nc3 Bb4 6. Nxc6 bxc6 7. Bd3 d5 8. exd5 cxd5 9. O-O O-O 10. Bg5 c6 11. Qf3 Bd6 12. h3 Rb8 13. Rab1 h6 14. Bh4 Be6 15. Ne2 Rb4 16. Bg3 Qb8 17. a3 Rb6 18.
Bxd6 Qxd6 19. Nf4 Bd7 20. Qg3 Rfb8 21. b4 a5 22. c3 axb4 23. cxb4 Ra8 24. Bc2 Kf8 25.
Ng6+ 1-0

[Event "Early-Titled-Tuesday-Blitz-February-13-2024"]
[Site "Chess.com"]
[Date "2024.02.13"]
[Round "7"]
[White "kleopl"]
[Black "CFalcons8"]
[Result "1-0"]
[WhiteElo "2535"]
[BlackElo "2378"]
[TimeControl "180+1"]
[EndTime "9:18:07 PST"]
[Termination "kleopl won by resignation"]

1. e4 e5 2. Nf3 Nc6 3. c3 Nf6 4. d4 exd4 5. e5 Ne4 6. Qe2 f5 7. exf6 d5 8. Nxd4 Nxd4 9. cxd4 Kf7 10. fxg7 Bxg7 11. Qh5+ Kg8 12. Be3 Be6 13. Nc3 Nxc3 14. bxc3 c5 15. Bd3 cxd4 16. cxd4 Qa5+ 17. Bd2 Qa3 18. Qf3 Rf8 19. Bxh7+ 1-0

[Event "Early-Titled-Tuesday-Blitz-February-13-2024"]
[Site "Chess.com"]
[Date "2024.02.13"]
[Round "7"]
[White "Sofia_Blokhin"]
[Black "Bugcrusher"]
[Result "0-1"]
[WhiteElo "2246"]
[BlackElo "2452"]
[TimeControl "180+1"]
[EndTime "9:18:07 PST"]
[Termination "Bugcrusher won by resignation"]

1. d4 e6 2. c4 Nf6 3. Nc3 Bb4 4. e3 O-O 5. Bd3 d5 6. Nf3 c5 7. O-O Nc6 8. a3 Bxc3 9. bxc3 dxc4 10. Bxc4 Qc7 11.
Bd3 e5 12. d5 e4 13. dxc6 Rd8 14. cxb7 Bxb7 15. Qa4 exf3 16. Bf5 fxg2 17. Re1 Qe5 18. Bh3 Qxc3 19. Bb2 Qxb2 20. Rab1 Qc3 21. Rec1 Qd2 22. Rd1 Qe2 23. Rxd8+ Rxd8 24. Qa5 Rd1+ 0-1

[Event "Early-Titled-Tuesday-Blitz-February-13-2024"]
[Site "Chess.com"]
[Date "2024.02.13"]
[Round "7"]
[White "JG-17"]
[Black "viktorskliarov"]
[Result "0-1"]
[WhiteElo "2463"]
[BlackElo "2600"]
[TimeControl "180+1"]
[EndTime "9:18:11 PST"]
[Termination "viktorskliarov won by resignation"]

1. d4 Nf6 2. c4 e6 3. Nc3 Bb4 4. Nf3 b6 5. e3 Bb7 6. Bd3 Ne4 7. Qc2 f5 8. O-O Bxc3 9. bxc3 O-O 10. Nd2 Qh4 11.
f3 Nxd2 12. Bxd2 d6 13. Qb3 c5 14. a4 Rf6 15. a5 Rh6 16. h3 Rg6 17. Kh1 Qg3 18. Rg1 Bxf3 0-1

[Event "Early-Titled-Tuesday-Blitz-February-13-2024"]
[Site "Chess.com"]
[Date "2024.02.13"]
[Round "7"]
[White "rcmz"]
[Black "Roedor"]
[Result "0-1"]
[WhiteElo "2178"]
[BlackElo "2297"]
[TimeControl "180+1"]
[EndTime "9:18:11 PST"]
[Termination "Roedor won by resignation"]

1. b4 e5 2. Bb2 Bxb4 3. Bxe5 Nf6 4. c4 Nc6 5. Bb2 O-O 6. Nf3 d5 7. cxd5 Nxd5 8. e3 Re8 9. Be2 Rxe3 10. fxe3 Nxe3 11.
Qb3 Nxg2+ 12. Kd1 Be6 13. Qd3 Qe7 14. Rg1 Rd8 15. Rxg2 Rxd3 16. Rxg7+ Kf8 17. Bxd3 Bd5 18. Ng5 Ne5 0-1

[Event "Early-Titled-Tuesday-Blitz-February-13-2024"]
[Site "Chess.com"]
[Date "2024.02.13"]
[Round "7"]
[White "Zohid6"]
[Black "Fh2411"]
[Result "1-0"]
[WhiteElo "2838"]
[BlackElo "2631"]
[TimeControl "180+1"]
[EndTime "9:18:12 PST"]
[Termination "Zohid6 won by resignation"]

1. d4 Nf6 2. Nc3 d5 3. Bf4 c6 4.
e3 Bf5 5. Nf3 e6 6. Ne5 h6 7. g4 Bh7 8. h4 Bb4 9. f3 Qa5 10. Qd2 Nfd7 11. a3 Bxc3 12. bxc3 Nxe5 13. Bxe5 f6 14. Bg3 Nd7 15. Bd3 Bxd3 16. cxd3 c5 17. c4 Qxd2+ 18. Kxd2 Rc8 19. cxd5 exd5 20. Rab1 b6 21. Rhc1 Ke7 22. a4 Rc6 23. dxc5 Rxc5 24. d4 Rcc8 25. h5 Ke6 26. Bc7 f5 27. Rc6+ Kf7 28. gxf5 Nf6 29. a5 bxa5 30. Rb7 Nxh5 31. Be5+ 1-0

[Event "Early-Titled-Tuesday-Blitz-February-13-2024"]
[Site "Chess.com"]
[Date "2024.02.13"]
[Round "7"]
[White "nj123456"]
[Black "wild3000"]
[Result "1-0"]
[WhiteElo "2283"]
[BlackElo "2379"]
[TimeControl "180+1"]
[EndTime "9:18:16 PST"]
[Termination "nj123456 won by resignation"]

1. e4 e6 2. d4 a6 3. Nf3 b5 4.
Bd3 Bb7 5. O-O d6 6. Re1 c5 7.
c3 Nf6 8. Nbd2 Be7 9. Nf1 O-O 10. Qe2 Nc6 11. Bg5 cxd4 12. cxd4 Nb4 13. Bb1 h6 14. Bh4 Nh5 15. Bxe7 Qxe7 16. a3 Nc6 17. Qe3 e5 18. Ng3 Nxg3 19. hxg3 Na5 20. Ba2 Rac8 21. dxe5 dxe5 22. Qb6 Qc7 23. Qxc7 Rxc7 24. Nxe5 Rc2 25. b4 Nc4 26. Bxc4 bxc4 27. Rac1 Rxc1 28. Rxc1 Bxe4 29.
Rxc4 Rd8 30. Rxe4 Rd1+ 31. Kh2 f5 32. Rc4 Rd2 33. f3 Ra2 34. Rc3 Kf8 35. Nd7+ Ke7 36. Nc5 Kf6 37. Nxa6 g5 38. Nc5 h5 39. b5 Rb2 40.
Rb3 Rc2 41. b6 Rxc5 42. b7 h4 43. gxh4 Rc4 44. b8=Q Rxh4+ 45. Kg1 1-0

[Event "Early-Titled-Tuesday-Blitz-February-13-2024"]
[Site "Chess.com"]
[Date "2024.02.13"]
[Round "7"]
[White "kleinebeer98"]
[Black "PLAYER_2006_M"]
[Result "0-1"]
[WhiteElo "2863"]
[BlackElo "3025"]
[TimeControl "180+1"]
[EndTime "9:18:20 PST"]
[Termination "PLAYER_2006_M won by resignation"]

1. e4 e5 2. Nf3 Nf6 3. d4 Nxe4 4. Bd3 d5 5. Nxe5 Nd7 6. Nxd7 Bxd7 7. O-O Bd6 8. c4 O-O 9. Nc3 Nxc3 10. bxc3 dxc4 11.
Bxc4 Qf6 12. Qh5 Rae8 13. Bd3 h6 14. Bd2 Bf4 15. Rad1 Ba4 16. Bxf4 Bxd1 17. Qf5 Qxf5 18. Bxf5 Be2 19. Rb1 Re7 20. Rxb7 Bg4 21. h3 Bxf5 22. Kh2 Be4 23. Rxa7 Ra8 24. Rxc7 Rxc7 25. Bxc7 Rxa2 26. Kg3 Ra3 27. Be5 Rxc3+ 28. Kf4 Bxg2 0-1

[Event "Early-Titled-Tuesday-Blitz-February-13-2024"]
[Site "Chess.com"]
[Date "2024.02.13"]
[Round "7"]
[White "tantaan"]
[Black "AlexPapasimakopoulos"]
[Result "0-1"]
[WhiteElo "2509"]
[BlackElo "2724"]
[TimeControl "180+1"]
[EndTime "9:18:21 PST"]
[Termination "AlexPapasimakopoulos won by resignation"]

1. e4 e6 2. d4 d5 3. Nc3 Bb4 4. e5 c5 5. Bd2 Ne7 6. Nb5 Bxd2+ 7. Qxd2 O-O 8. f4 Nbc6 9. Nf3 cxd4 10. Nbxd4 Qb6 11.
O-O-O Bd7 12. Kb1 a5 13. g4 a4 14. h4 Nxd4 15. Nxd4 Nc6 16. Nb5 Nxe5 17. fxe5 Bxb5 18. Qb4 Ra5 19. Rh3 Qa6 20. Bxb5 Rxb5 21. Qd4 Qb6 22.
Qxb6 Rxb6 23. Rd4 Ra8 24. a3 Rc6 25. c3 b5 26. Kc2 Rc4 27. Rhd3 Rac8 28. Kd2 Kf8 29.
Rf3 Rxd4+ 30. cxd4 Rc4 31. Kd3 b4 32. axb4 Rxb4 33.
Rf2 h6 34. Kc2 Rxd4 0-1

[Event "Early-Titled-Tuesday-Blitz-February-13-2024"]
[Site "Chess.com"]
[Date "2024.02.13"]
[Round "7"]
[White "Shahdad2007"]
[Black "isaak2009"]
[Result "0-1"]
[WhiteElo "2490"]
[BlackElo "2688"]
[TimeControl "180+1"]
[EndTime "9:18:22 PST"]
[Termination "isaak2009 won by resignation"]

1. Nf3 d5 2. g3 Nf6 3. Bg2 e6 4. O-O Be7 5. d4 O-O 6. c4 c6 7. Nc3 dxc4 8. a4 c5 9. dxc5 Bxc5 10. Nd2 Nc6 11. Nxc4 Qe7 12. a5 Rd8 13. Qa4 Bd7 14. Qb3 Nd4 15. Qxb7 Rab8 16. Qc7 Rdc8 17. Qf4 Rb4 18. Ne5 Nb3 19. Qf3 Nxa1 20. Bg5 h6 21. Nxd7 hxg5 22. Nxc5 Qxc5 23. Rxa1 Rxb2 24. Ne4 Nxe4 25.
Qxe4 Rc2 26. h3 Rc1+ 27. Rxc1 Qxc1+ 28. Kh2 Qc5 29. a6 Qxf2 30. h4 gxh4 31. gxh4 Rd8 32. e3 Rd2 33. Qa8+ Kh7 34. Qe4+ g6 0-1

[Event "Early-Titled-Tuesday-Blitz-February-13-2024"]
[Site "Chess.com"]
[Date "2024.02.13"]
[Round "7"]
[White "pfalcon1949"]
[Black "PushingpawnsNYC"]
[Result "0-1"]
[WhiteElo "1935"]
[BlackElo "2334"]
[TimeControl "180+1"]
[EndTime "9:18:23 PST"]
[Termination "PushingpawnsNYC won by resignation"]

1. e4 c5 2. Nf3 e6 3. d4 cxd4 4. Nxd4 a6 5. c4 Qc7 6. Nc3 Nf6 7. a3 b6 8. Bd3 Bb7 9. O-O h5 10. Be3 Ng4 11. Nf3 Nc6 12. g3 Nxe3 13. fxe3 Bc5 14. Qe2 Ne5 15. Nxe5 Qxe5 16. Qf3 O-O-O 17. Rac1 g5 18. b4 Bd6 19. Qf6 g4 20. Qxe5 Bxe5 21. Rxf7 h4 22. Kg2 hxg3 23. hxg3 Rh3 24. Rh1 Rxg3+ 25.
Kf2 Rh3 26. Rh7 Rxh1 27. Rxh1 Bxc3 28. Rh4 Rg8 29. Kg3 Be1+ 0-1

[Event "Early-Titled-Tuesday-Blitz-February-13-2024"]
[Site "Chess.com"]
[Date "2024.02.13"]
[Round "7"]
[White "AwareIdea"]
[Black "treadstone_71"]
[Result "0-1"]
[WhiteElo "2508"]
[BlackElo "2323"]
[TimeControl "180+1"]
[EndTime "9:18:28 PST"]
[Termination "treadstone_71 won by checkmate"]

1. d4 Nf6 2. c4 g6 3. Nc3 Bg7 4.
e4 d6 5. Be2 O-O 6. h3 Nc6 7.
Be3 e5 8. d5 Nd4 9. Bd3 c5 10.
Nge2 a6 11. Qd2 b5 12. cxb5 axb5 13. Bxd4 exd4 14. Nxb5 Ba6 15. Na3 Re8 16. f3 Bxd3 17. Qxd3 Nxd5 18. exd5 Re3 19. Qd2 Qh4+ 20. Kf1 Rae8 21.
Nc4 Rxe2 22. Qxe2 Rxe2 23. Kxe2 d3+ 24. Kxd3 Qd4+ 25. Ke2 Qxc4+ 26. Kf2 Qd4+ 27. Kg3 Be5+ 28. f4 Qxf4# 0-1

[Event "Early-Titled-Tuesday-Blitz-February-13-2024"]
[Site "Chess.com"]
[Date "2024.02.13"]
[Round "7"]
[White "Yan_Dyomin2010"]
[Black "tusplingher"]
[Result "1-0"]
[WhiteElo "2597"]
[BlackElo "2460"]
[TimeControl "180+1"]
[EndTime "9:18:29 PST"]
[Termination "Yan_Dyomin2010 won by resignation"]

1. e4 c5 2. Nf3 d6 3. d4 cxd4 4. Qxd4 Nf6 5. Nc3 Nc6 6. Bb5 Bd7 7. Bxc6 Bxc6 8. Bg5 e5 9. Qd3 Be7 10. O-O-O O-O 11.
Bxf6 Bxf6 12. Qxd6 Qa5 13. Qd3 b5 14. Kb1 b4 15. Nd5 Rac8 16. Nxf6+ gxf6 17. Nh4 Ba4 18. Rd2 Kh8 19. Nf5 Rc3 20. Qd6 Kg8 21. Qxf6 1-0

[Event "Early-Titled-Tuesday-Blitz-February-13-2024"]
[Site "Chess.com"]
[Date "2024.02.13"]
[Round "7"]
[White "KhazhatulyAlikhan"]
[Black "Qingdom"]
[Result "1-0"]
[WhiteElo "2414"]
[BlackElo "2175"]
[TimeControl "180+1"]
[EndTime "9:18:32 PST"]
[Termination "KhazhatulyAlikhan won by resignation"]

1. e4 c5 2. Nf3 Nc6 3. d4 cxd4 4. Nxd4 e5 5. Nb5 d6 6. N1c3 a6 7. Na3 Be7 8. Nd5 Nf6 9. Nxf6+ Bxf6 10. Bc4 O-O 11.
O-O b5 12. Bd5 Bb7 13. c3 Qc7 14. Nc2 Rfd8 15. Qg4 Ne7 16. Bxb7 Qxb7 17. Be3 d5 18. exd5 Rxd5 19. Bg5 Bxg5 20. Qxg5 f6 21. Qg4 Qd7 22.
Qf3 Rd8 23. Ne3 Rd2 24. b3 Qd3 25. c4 bxc4 26. Nxc4 Qxf3 27. gxf3 Re2 28. Rfe1 Rxe1+ 29. Rxe1 Kf7 30. Kg2 Rd3 31. Rxe5 fxe5 32. Nxe5+ Ke6 33. Nxd3 Kd5 34. Nb4+ Kd4 35. Nxa6 Kc3 36. b4 Kb2 37. b5 Nd5 38. a4 Kb3 39. a5 Ka4 40. b6 1-0

[Event "Early-Titled-Tuesday-Blitz-February-13-2024"]
[Site "Chess.com"]
[Date "2024.02.13"]
[Round "7"]
[White "HeroWilczek"]
[Black "ChessQueen"]
[Result "0-1"]
[WhiteElo "2484"]
[BlackElo "2685"]
[TimeControl "180+1"]
[EndTime "9:18:37 PST"]
[Termination "ChessQueen won by resignation"]

1. e4 c6 2. d4 d5 3. Nc3 dxe4 4. Nxe4 Nf6 5. Nxf6+ exf6 6. c3 Bd6 7. Bd3 Na6 8. Ne2 Nc7 9. O-O O-O 10. Bf4 Bg4 11. Bxd6 Qxd6 12. h3 Bh5 13. Qc2 Bg6 14. Rfe1 Rfe8 15.
Bxg6 hxg6 16. Ng3 Nd5 17. a3 f5 18. Rad1 Rad8 19. Nf1 Nf6 20. Ne3 b5 21. c4 f4 22.
Ng4 Rxe1+ 23. Rxe1 Nxg4 24. hxg4 Qxd4 25. cxb5 cxb5 26.
Qb3 Qd7 27. f3 a6 28. Re4 Qa7+ 29. Kh2 Rd2 30. Qb4 Qf2 0-1

[Event "Early-Titled-Tuesday-Blitz-February-13-2024"]
[Site "Chess.com"]
[Date "2024.02.13"]
[Round "7"]
[White "SouS007"]
[Black "Vigg-Sama"]
[Result "1-0"]
[WhiteElo "2494"]
[BlackElo "2255"]
[TimeControl "180+1"]
[EndTime "9:18:40 PST"]
[Termination "SouS007 won by resignation"]

1. e4 e5 2. Nf3 Nc6 3. Bb5 a6 4. Ba4 Nf6 5. O-O b5 6. Bb3 Bc5 7. a4 Rb8 8. c3 d6 9. d4 Bb6 10.
a5 Ba7 11. Be3 Bg4 12. dxe5 Bxf3 13. Qxf3 Nxe5 14. Qe2 Bxe3 15. Qxe3 O-O 16. Nd2 c5 17. f4 Nc6 18. Rad1 Nxa5 19. Bc2 Nc4 20. Nxc4 bxc4 21. e5 Rxb2 22. Rxd6 Qe7 23. Rf2 Ne8 24. Qh3 g6 25.
Rd7 Qe6 26. Qxe6 fxe6 27. Bxg6 Rxf2 28. Bxh7+ Kh8 29. Kxf2 Rxf4+ 30. Ke3 Rf8 31. Bg6 Ng7 32.
g4 Rg8 33. Ra7 Rd8 34. h4 Ne8 35. Re7 Ng7 36. h5 1-0

[Event "Early-Titled-Tuesday-Blitz-February-13-2024"]
[Site "Chess.com"]
[Date "2024.02.13"]
[Round "7"]
[White "SpeedofLight0"]
[Black "Adar_07"]
[Result "1-0"]
[WhiteElo "3073"]
[BlackElo "2813"]
[TimeControl "180+1"]
[EndTime "9:18:46 PST"]
[Termination "SpeedofLight0 won by resignation"]

1. d4 Nf6 2. Nc3 d5 3. Bf4 c5 4. e3 cxd4 5. exd4 a6 6. Nf3 Bg4 7. Be2 Nc6 8. O-O e6 9. Ne5 Bxe2 10. Nxe2 Nxe5 11. Bxe5 Bd6 12. Bxd6 Qxd6 13. c3 O-O 14. Nc1 b5 15. Nd3 a5 16. a3 Rab8 17. f3 Rfc8 18. Qd2 Nd7 19. Rae1 Nb6 20. f4 Nc4 21. Qf2 g6 22. g4 Kh8 23. Kh1 Rg8 24. f5 gxf5 25. gxf5 Rbf8 26. Qh4 exf5 27. Rxf5 Qg6 28. Qf6+ Qxf6 29.
Rxf6 Re8 30. Rxe8 Rxe8 31. Rxf7 Re3 32. Nf4 Nxb2 33. Nxd5 Re1+ 34. Kg2 Nc4 35. Nf6 Re2+ 36. Kg1 1-0

[Event "Early-Titled-Tuesday-Blitz-February-13-2024"]
[Site "Chess.com"]
[Date "2024.02.13"]
[Round "7"]
[White "InitiatingASC"]
[Black "InadaC"]
[Result "0-1"]
[WhiteElo "2386"]
[BlackElo "2205"]
[TimeControl "180+1"]
[EndTime "9:18:47 PST"]
[Termination "InadaC won by resignation"]

1. e4 e6 2. Nf3 d5 3. exd5 exd5 4.
d4 Nf6 5. Bd3 Bd6 6. Qe2+ Qe7 7.
Qxe7+ Bxe7 8. Bf4 c5 9. dxc5 Bxc5 10. Nbd2 O-O 11. Nb3 Re8+ 12. Kf1 Bb6 13. Rd1 Nc6 14.
c3 Bg4 15. Be2 Rad8 16. h3 Bh5 17. g4 Bg6 18. Nh4 Be4 19. f3 Bc2 20. Rd2 Bxb3 21. axb3 d4 22. Nf5 Nd5 23. Bg3 dxc3 24. bxc3 Ne3+ 25.
Ke1 Nxf5 26. gxf5 Rxd2 27. Kxd2 Be3+ 28. Kd1 Rd8+ 29. Ke1 Bd2+ 30. Kf2 Bxc3 31. Bc4 Rd2+ 32. Ke3 Nb4 33. Rc1 Nc2+ 34. Ke4 Rd4+ 0-1

[Event "Early-Titled-Tuesday-Blitz-February-13-2024"]
[Site "Chess.com"]
[Date "2024.02.13"]
[Round "7"]
[White "noblerone"]
[Black "Ready4abattle"]
[Result "0-1"]
[WhiteElo "2477"]
[BlackElo "2270"]
[TimeControl "180+1"]
[EndTime "9:18:51 PST"]
[Termination "Ready4abattle won by resignation"]

1. d4 Nf6 2. c4 g6 3. Nc3 d5 4.
Nf3 Bg7 5. Bg5 dxc4 6. e3 c5 7. Bxc4 O-O 8. O-O Nc6 9. dxc5 Qa5 10. Rc1 Qxc5 11. Bb3 Qa5 12. h3 Bf5 13. Qe2 Ne4 14.
Nd5 Nxg5 15. Nxg5 h6 16. Nf3 Rfd8 17. Rfd1 Be6 18. e4 Rac8 19. Rxc6 Rxc6 20. Nxe7+ Kf8 21. Nxc6 Rxd1+ 22. Qxd1 bxc6 23. Bxe6 fxe6 24. Qd7 Qxa2 25. Qxe6 Qxe6 0-1

[Event "Early-Titled-Tuesday-Blitz-February-13-2024"]
[Site "Chess.com"]
[Date "2024.02.13"]
[Round "7"]
[White "SpongeBob_03"]
[Black "fabianvivasz"]
[Result "0-1"]
[WhiteElo "2209"]
[BlackElo "2353"]
[TimeControl "180+1"]
[EndTime "9:18:51 PST"]
[Termination "fabianvivasz won by resignation"]

1. e4 e5 2. Nf3 Nc6 3. Bc4 Nf6 4. d3 Bc5 5. c3 O-O 6. h3 h6 7. g4 d5 8. exd5 Nxd5 9. Nbd2 Nb6 10. Bb3 Qxd3 11.
Bc2 Qd8 12. Qe2 Nd5 13. Ne4 Bb6 14. c4 Ndb4 15. Bb1 f5 16. a3 fxe4 17. Qxe4 Qf6 18.
O-O Qxf3 19. Qh7+ Kf7 20. Bg6+ Kf6 21. axb4 Qg3+ 22. Kh1 Qxh3+ 23. Kg1 Qxg4+ 24. Kh1 Qf3+ 25. Kg1 Bh3 26. Be4 Qg4+ 27. Kh2 Bxf1 28. Ra3 Bxf2 29.
Rf3+ Ke7 0-1

[Event "Early-Titled-Tuesday-Blitz-February-13-2024"]
[Site "Chess.com"]
[Date "2024.02.13"]
[Round "7"]
[White "LileKoridze"]
[Black "ValiantCeleb"]
[Result "1-0"]
[WhiteElo "2424"]
[BlackElo "2187"]
[TimeControl "180+1"]
[EndTime "9:18:52 PST"]
[Termination "LileKoridze won by resignation"]

1. d4 Nf6 2. c4 e6 3. Nf3 d5 4. g3 dxc4 5. Bg2 Bb4+ 6. Bd2 c5 7.
Bxb4 cxb4 8. O-O O-O 9. Ne5 Nd5 10. Nxc4 b5 11. Ne5 Bb7 12. Nd2 Nd7 13. Nd3 a5 14. e4 N5b6 15. Nb3 Nc4 16. Qe2 Qb6 17. Nbc5 Nxc5 18. Nxc5 Rad8 19. b3 Rxd4 20. Nxb7 Nd2 21. Rfd1 Nxe4 22. Bxe4 f5 23. Bg2 e5 24. Rxd4 exd4 25. Rd1 a4 26. Qe5 axb3 27. axb3 Rc8 28. Bd5+ Kh8 29. Qxd4 Qc7 30. Be6 Re8 31. Qd7 1-0

[Event "Early-Titled-Tuesday-Blitz-February-13-2024"]
[Site "Chess.com"]
[Date "2024.02.13"]
[Round "7"]
[White "onnoelgersma"]
[Black "KanalSzachowy"]
[Result "1-0"]
[WhiteElo "2546"]
[BlackElo "2405"]
[TimeControl "180+1"]
[EndTime "9:18:53 PST"]
[Termination "onnoelgersma won by checkmate"]

1. c3 e5 2. d4 e4 3. Bf4 d5 4. e3 Bd6 5. Bxd6 Qxd6 6. c4 c6 7. Nc3 Nf6 8. Qb3 O-O 9. Rc1 a6 10. Nge2 b5 11. cxd5 cxd5 12. Nf4 Be6 13. Be2 Nc6 14.
O-O Nxd4 15. Qd1 Nf5 16. Qd2 Rad8 17. Rfd1 d4 18. Nxe6 Qxe6 19. exd4 Nxd4 20. Qe3 Nxe2+ 21. Nxe2 Qxa2 22. Nd4 Qxb2 23. Nf5 Rfe8 24. Qg5 Rf8 25. Qxg7# 1-0

[Event "Early-Titled-Tuesday-Blitz-February-13-2024"]
[Site "Chess.com"]
[Date "2024.02.13"]
[Round "7"]
[White "Balla_Tamas"]
[Black "sharkarton"]
[Result "1-0"]
[WhiteElo "2418"]
[BlackElo "2530"]
[TimeControl "180+1"]
[EndTime "9:18:56 PST"]
[Termination "Balla_Tamas won by checkmate"]

1. e4 c5 2. c3 d5 3. exd5 Qxd5 4. d4 Nf6 5. Nf3 e6 6. Be3 cxd4 7. cxd4 Bb4+ 8. Nc3 Qa5 9. Bd2 Nd5 10. Bb5+ Bd7 11.
Nxd5 Bxd2+ 12. Qxd2 Qxd2+ 13. Kxd2 exd5 14. Rhe1+ Kd8 15. Ne5 Rf8 16. Bd3 h6 17. Rac1 Nc6 18. Nxd7 Kxd7 19. Bf5+ Kd6 20. Kd3 Nb4+ 21. Kd2 Nxa2 22. Rc5 Nb4 23.
Rb5 Nc6 24. Rxb7 Rab8 25. Rd7# 1-0

[Event "Early-Titled-Tuesday-Blitz-February-13-2024"]
[Site "Chess.com"]
[Date "2024.02.13"]
[Round "7"]
[White "GOGIEFF"]
[Black "WhiteKnight2612"]
[Result "1-0"]
[WhiteElo "3022"]
[BlackElo "2871"]
[TimeControl "180+1"]
[EndTime "9:19:04 PST"]
[Termination "GOGIEFF won by resignation"]

1. c4 Nf6 2. Nc3 e6 3. e4 d5 4. cxd5 exd5 5. e5 d4 6. exf6 dxc3 7. dxc3 Qxf6 8. Nf3 Nc6 9. Bc4 Bg4 10. O-O Bxf3 11.
Qxf3 Qxf3 12. gxf3 Be7 13. Bf4 O-O-O 14. Bxf7 Rhf8 15.
Be6+ Kb8 16. Bg3 Rxf3 17. Rad1 Bd6 18. Rfe1 Rf6 19. Bb3 a6 20. Kg2 Rdf8 21. Re2 Rg6 22.
Bc2 Rh6 23. Rd5 Ka7 24. b4 Rhf6 25. Bxh7 g6 26. Rg5 Rf3 27. Bxd6 cxd6 28. Rg3 Rxg3+ 29. hxg3 Rf6 30. f4 Kb6 31. Kh3 a5 32. bxa5+ Nxa5 33. Kg4 d5 34. Kg5 Rd6 35. Bxg6 Kc5 36. f5 1-0

[Event "Early-Titled-Tuesday-Blitz-February-13-2024"]
[Site "Chess.com"]
[Date "2024.02.13"]
[Round "7"]
[White "chipmunknau"]
[Black "maicolbenavides"]
[Result "1-0"]
[WhiteElo "2729"]
[BlackElo "2529"]
[TimeControl "180+1"]
[EndTime "9:19:04 PST"]
[Termination "chipmunknau won by resignation"]

1. Nf3 Nf6 2. c4 g6 3. g3 Bg7 4.
Bg2 O-O 5. O-O d6 6. Nc3 Nc6 7. Rb1 e5 8. d3 Nd7 9. b4 h6 10.
b5 Ne7 11. d4 f5 12. dxe5 Nxe5 13. Nxe5 Bxe5 14. Nd5 Nxd5 15. Qxd5+ Kg7 16. f4 Bf6 17. e4 fxe4 18. Bxe4 Bh3 19. Re1 Rb8 20. Qd3 Qe8 21. Bb2 Qf7 22. Bd5 Qd7 23. Bxf6+ Rxf6 24. Qd4 b6 25. Re3 Re8 26. Bc6 Rxe3 27. Bxd7 1-0

[Event "Early-Titled-Tuesday-Blitz-February-13-2024"]
[Site "Chess.com"]
[Date "2024.02.13"]
[Round "7"]
[White "soloderisas"]
[Black "egnfanclub"]
[Result "1-0"]
[WhiteElo "2530"]
[BlackElo "2360"]
[TimeControl "180+1"]
[EndTime "9:19:06 PST"]
[Termination "soloderisas won by resignation"]

1. d4 d5 2. Nf3 Nf6 3. Bf4 Bf5 4. e3 e6 5. c4 c6 6. Qb3 Qb6 7. c5 Qxb3 8. axb3 Be7 9. b4 a6 10. Nbd2 Ne4 11. Nb3 g5 12. Bc7 Bd8 13. Bxd8 Kxd8 14. Ne5 Bg6 15. b5 cxb5 16. Bxb5 Kc7 17. O-O Nc6 18. Bxc6 bxc6 19. Na5 Rhb8 20. Ra2 Rb5 21. Nexc6 f6 22. Rfa1 Nd2 23. b4 Ne4 24. Ra3 Be8 25. f3 Bxc6 26. Nxc6 Kxc6 27. fxe4 Rxb4 28. Rxa6+ Rxa6 29. Rxa6+ Kd7 30. exd5 exd5 31. Rd6+ Ke7 32. Rxd5 1-0